 Dungeon Crawl Stone Soup version 0.30-a0-986-g7f2e898f52 (webtiles) character file.

Game seed: 17119984076315626239

50 senseless the Firebug (level 3, -2/29 (32) HPs)
             Began as an Ogre Fire Elementalist on Apr 1, 2023.
             Slain by Crazy Yiuf
             ... wielding a +3 quarterstaff of chaos
              (10 damage)
             ... on level 2 of the Dungeon.
             The game lasted 00:03:48 (1871 turns).

senseless the Firebug (Ogre Fire Elementalist)      Turns: 1871, Time: 00:03:51

HP:   -2/29 (32)    AC:  3    Str: 12    XL:     3   Next: 79%
MP:   5/7           EV: 10    Int: 18    God:
Gold: 68            SH:  0    Dex:  9    Spells: 7/8 levels left

rFire   . . .      SeeInvis .    j - +0 hand axe
rCold   . . .      Faith    .    (no shield)
rNeg    . . .      Spirit   .    a - +0 robe
rPois   .          Reflect  .    (helmet restricted)
rElec   .          Rampage  .    (no cloak)
rCorr   .                        (gloves unavailable)
Will    .....                    (boots unavailable)
Stlth   ++                       k - amulet of regeneration
HPRegen 1.04/turn                (no ring)
MPRegen 0.10/turn                (no ring)

@: mighty, very slightly contaminated, drained
A: large, unfitting armour, tough skin 1
a: no special abilities


You were on level 2 of the Dungeon.
You visited 1 branch of the dungeon, and saw 3 of its levels.

You collected 68 gold pieces.

Inventory:

Hand Weapons
 c - a +0 dagger
 j - a +0 hand axe (weapon)
 l - a +0 whip of draining
Armour
 a - a +0 robe (worn)
Jewellery
 k - an amulet of regeneration (around neck)
Scrolls
 d - a scroll of torment {unknown}
 h - 2 scrolls of brand weapon {unknown}
 i - a scroll of immolation {unknown}
 m - a scroll of identify {unknown}
 n - a scroll of acquirement {unknown}
Potions
 b - a potion of magic
 e - a potion of heal wounds {unknown}
 f - 4 potions of curing {unknown}
 g - a potion of ambrosia {unknown}
 o - a potion of might {unknown}


   Skills:
 + Level 0.8 Fighting
 + Level 2.2 Dodging
 - Level 1.7 Stealth
 + Level 3.0 Spellcasting
 + Level 1.2 Conjurations
 + Level 3.2 Fire Magic


You had 7 spell levels left.
You knew the following spells:

 Your Spells              Type           Power      Damage    Failure   Level
a - Foxfire               Conj/Fire      40%        2x1d4     7%          1

Your spell library contained the following spells:

 Spells                   Type           Power      Damage    Failure   Level
 Scorch                   Fire           28%        2d6       7%          2
 Inner Flame              Hex/Fire       8%         N/A       26%         3
 Kindle Blastsparks       Fire/Tloc/Air  12%        2d11      30%         3
 Flame Wave               Conj/Fire      10%        2d6       54%         4


Dungeon Overview and Level Annotations

Branches:
Dungeon (3/15)

Altars:

Annotations:
D:2 Crazy Yiuf


Innate Abilities, Weirdness & Mutations

You are too large for most types of armour.
You have tough skin. (AC +1)


Message History

There is a stone staircase leading up here.
You enter the shallow water.
You enter the shallow water.
You enter the shallow water.
There is a stone staircase leading down here.
There is a stone staircase leading down here.
There is an open door here.
Partly explored, can't reach some places.
Partly explored, can't reach some places.
You hit the fungus.
The fungus begins to die.
The fungus is lightly damaged.
You hit the fungus.
The fungus begins to die.
You hit the fungus.
The fungus begins to die.
A nearby fungus withers and dies. x2
A nearby fungus withers and dies.
Found a hammer.
Found a runed translucent door.
Crazy Yiuf shouts!
You open the door.
Crazy Yiuf whimpers, "Proton!"
Crazy Yiuf attacks as you move away!
Crazy Yiuf hits you with a +3 quarterstaff of chaos!
Crazy Yiuf cries, "Hack aubergine illywillydillykilly!"
You conjure some foxfire!
Crazy Yiuf hits you with a +3 quarterstaff of chaos!
Ouch! That really hurt!
* * * LOW HITPOINT WARNING * * *
You feel very mighty all of a sudden. Crazy Yiuf attacks as you move away!
Crazy Yiuf barely misses you.
The foxfire hits Crazy Yiuf but does no damage.
The foxfire hits Crazy Yiuf.
Crazy Yiuf is moderately wounded.
Crazy Yiuf cries, "Flower aubergine pontify!"
You are too injured to fight recklessly!
Casting: Foxfire (safe; 7% risk of failure)
Confirm with . or Enter, or press ? or * to list all spells.
You miscast Foxfire.
You are very lightly contaminated with residual magic.
Nothing appears to happen.
Crazy Yiuf hits you with a +3 quarterstaff of chaos!
You die...

# #.###.######.######.###
#.#................<..#
#.#.#.#.....###########
#.#.#.#.##### ####.....#.##
..........#.#####♣♣ ###
...)......##.#.'..♣♣ ♣♣#..)#
###.......#........♣♣♣♣.'...#
#.............@g..♣..♣#...#
#.####...##..+.P.♣.♣♣♣ ###
###.####...######♣♣♣♣♣
..>........#####
#####.##.#.....## ##### ###
#.##.#.####.# #.#.# ..#
#.##.#.####.#####.#.# ..#
#.##.#.##...†....#..# ..#
#......##.#.#####.###


You could see Crazy Yiuf.

Vanquished Creatures
  An adder (D:2)
  4 dart slugs
  3 endoplasms (D:2)
  5 goblins
  3 hobgoblins
  2 quokkas (D:1)
  2 ball pythons
  5 bats
  3 frilled lizards
  2 kobolds (D:2)
  4 rats
34 creatures vanquished.

Vanquished Creatures (collateral kills)
  3 foxfires (D:2)
3 creatures vanquished.

Vanquished Creatures (others)
  55 foxfires
  3 fungi (D:2)
  10 plants (D:2)
68 creatures vanquished.

Grand Total: 105 creatures vanquished

Notes
Turn   | Place    | Note
-------+----------+-------------------------------------------
     0 | D:1      | senseless the Ogre Fire Elementalist began the quest for
                  | the Orb.
     0 | D:1      | Reached XP level 1. HP: 16/16 MP: 3/3
   254 | D:1      | Reached XP level 2. HP: 24/24 MP: 1/5
  1049 | D:2      | Reached XP level 3. HP: 31/31 MP: 4/7
  1139 | D:2      | You fall into a shaft and drop 1 floor!
  1210 | D:2      | Reached skill level 1 in Conjurations
  1858 | D:2      | Found a runed translucent door.
  1859 | D:2      | Noticed Crazy Yiuf
  1871 | D:2      | Slain by Crazy Yiuf

Illustrated notes

Levels and vault maps discovered:
D:1:      scummos_arrival_gate, layout_basic
D:2:      layout_loops_ring, serial_bayou_lagoon_b, uniq_crazy_yiuf_cottage
D:3:      layout_rooms, nicolae_overflow_crystal_walls,
          gammafunk_temple_overflow_elements, fiery_altar_vehumet,
          minmay_checkerbox

Skill      XL: |  1  2  3 |
---------------+----------+-----
Fire Magic     | 3 |  3.2
Dodging        | 2 |  2.2
Conjurations   | 1 |  1.2
Spellcasting   | 3 |  3.0
Fighting       | |  0.8
Stealth        | |  1.7

Action                     || total
---------------------------++-------
  Melee: Dagger            ||    42
         Hand axe          ||    35
         Punch             ||     1
   Cast: Foxfire           ||    34
   Stab: Sleeping          ||     1
 Armour: Robe              ||    22
  Dodge: Dodged            ||    36

Table legend: (Time is in decaauts)
 A = Elapsed time spent in this place.
 B = Non-inter-level travel time spent in this place.
 C = Inter-level travel time spent in this place.
 D = Time resting spent in this place.
 E = Time spent auto-exploring this place.
 F = Levels seen in this place.
 G = Mean time per level.
                   A        B        C        D        E       F      G
               +--------+--------+--------+--------+--------+-----+--------+
         Total |   1879 |   1822 |     57 |      0 |   1536 |   3 |  626.3 |
       Dungeon |   1879 |   1822 |     57 |      0 |   1536 |   3 |  626.3 |
               +--------+--------+--------+--------+--------+-----+--------+

Top non-repeatable levels by time:
     D:1: 1033 daAuts
     D:2: 842 daAuts
     D:3: 4 daAuts
